 Dungeon Crawl Stone Soup version 0.16.2-12-gd0ad4c3 (webtiles) character file.

846 dvd the Sneak (level 8, -3/54 HPs)
             Began as an Octopode Monk on Oct 22, 2015.
             Was a Priest of Cheibriados.
             Killed from afar by an orc wizard (10 damage)
             ... with a magic dart
             ... on level 5 of the Dungeon.
             The game lasted 00:23:37 (4010 turns).

dvd the Sneak (Octopode Monk)                       Turns: 4010, Time: 00:23:37

Health: -3/54      AC:  1    Str: 20    XL:     8   Next: 0%
Magic:  4/8        EV: 17    Int: 21    God:    Cheibriados [***...]
Gold:   288        SH:  0    Dex: 22    Spells: 0 memorised, 7 levels left

rFire  + . .     SeeInvis .       - Unarmed
rCold  . . .     Clarity  .     (no shield)
rNeg   + . .     SustAb   .     (helmet restricted)
rPois  .         Gourm    .     h - amulet of regeneration
rElec  .         Spirit   .     d - ring of wizardry
rCorr  .         Warding  .     e - ring of fire
rMut   .         Rnd*Tele +     q - ring of invisibility
MR     +....                    s - ring of protection from cold
Stlth  +++++.....               u - ring of positive energy
                                x - ring of protection from magic
                                y - ring of teleportation (curse)
                                (no ring)

@: very slow, somewhat resistant to hostile enchantments, quite stealthy
A: almost no armour, amphibious, 8 rings, constrict 8, camouflage 1, gelatinous
body 1
a: Bend Time, Temporal Distortion, Renounce Religion, Evoke Invisibility, Evoke
Teleportation


You were on level 5 of the Dungeon.
You worshipped Cheibriados.
Cheibriados was most pleased with you.
You were hungry.

You visited 2 branches of the dungeon, and saw 6 of its levels.

You collected 288 gold pieces.

Inventory:

Jewellery
 d - a ring of wizardry (left tentacle)
 e - a ring of fire (right tentacle)
 h - an amulet of regeneration (around mantle)
 q - a ring of invisibility (on tentacle)
 s - a ring of protection from cold (on tentacle)
 u - a ring of positive energy (on tentacle)
 x - a ring of protection from magic (on tentacle)
 y - a cursed ring of teleportation (on tentacle)
Magical devices
 r - a wand of digging (24)
Scrolls
 a - 2 scrolls of teleportation
 c - 6 scrolls of identify
Potions
 f - a potion of poison {unknown}
 i - 4 potions of curing
 m - 2 potions of flight
 n - a potion of agility {unknown}
Miscellaneous
 t - a plain deck of defence
Comestibles
 b - 2 bread rations
 g - a beef jerky
 o - 2 slices of pizza
 v - 2 chunks of flesh


   Skills:
 + Level 4.6 Fighting
 + Level 5.5 Dodging
 + Level 6.8 Stealth
 + Level 6.1 Unarmed Combat
 + Level 0.2 Invocations


You had 7 spell levels left.
You didn't know any spells.

Dungeon Overview and Level Annotations

Branches:
Dungeon (5/15)             Temple (1/1) D:4

Altars:
Ashenzari
Cheibriados
Dithmenos
Fedhas
Kikubaaqudgha
Makhleb
Nemelex Xobeh
Okawaru
Qazlal
Ru
Sif Muna
Trog
Vehumet
Xom
Zin
The Shining One


Innate Abilities, Weirdness & Mutations

You cannot wear most types of armour.
You are amphibious.
You can wear up to eight rings at the same time.
You can use your tentacles to constrict many enemies at once.
Your skin changes colour to match your surroundings (Stealth).
Your rubbery body absorbs attacks (AC +1).


Message History

You kill the orc wizard!
Cheibriados appreciates the change of pace.
The orc priest hits you but does no damage.
The orc priest hits you with a short sword.
* * * LOW HITPOINT WARNING * * *
Items here: ))) [[[ † You barely miss the orc priest.
You grab the orc priest. You constrict the orc priest.
The orc priest hits you with a short sword!
* * * LOW HITPOINT WARNING * * *
You bludgeon the orc priest! You squeeze the orc priest.
The orc priest is severely wounded.
You constrict the orc priest. The orc priest misses you.
You tentacle-slap the orc priest. You squeeze the orc priest.
You kill the orc priest!
Cheibriados thoroughly appreciates the change of pace.
Cheibriados raises the support of your attributes as your movement slows.
You have reached level 8!
The magic dart hits you!
You die...

*,*
#,*#..,,,,,#.#
*,*
#.##.#######.#
*,*
#............#
*,*
####.#########
*,* #.# *,*
#.# *,* #.#
#.#######.#
#.oo.)@...#
#########.#
###


You could see 2 orcs.

Vanquished Creatures
  A hippogriff (D:4)
  An ogre (D:4)
  3 scorpions
  A crimson imp (D:4)
  2 orc priests
  2 worker ants
  A hound (D:5)
  4 orc wizards
  4 gnolls
  4 adders
  A giant mite (D:3)
  A shadow imp (D:5)
  4 worms
  5 orcs
  8 bats
  8 goblins
  8 hobgoblins
  13 jackals
  10 kobolds
  4 giant cockroaches
  4 giant geckos
  5 giant newts
  A jackal zombie (D:5)
  2 quokkas
  9 rats
  A rat zombie (D:5)
107 creatures vanquished.

Notes
Turn   | Place    | Note
--------------------------------------------------------------
     0 | D:1      | dvd, the Octopode Monk, began the quest for the Orb.
     0 | D:1      | Reached XP level 1. HP: 16/16 MP: 1/1
   332 | D:1      | Reached XP level 2. HP: 19/21 MP: 2/2
  1093 | D:2      | Reached XP level 3. HP: 26/26 MP: 3/3
  1342 | D:2      | Found a bloodstained altar of Trog.
  1714 | D:3      | Reached XP level 4. HP: 25/31 MP: 4/4
  1757 | D:3      | Found a sparkling altar of Nemelex Xobeh.
  1773 | D:3      | Noticed a scorpion
  1790 | D:3      | Killed a scorpion
  1790 | D:3      | Reached skill level 5 in Unarmed Combat
  1918 | D:3      | Reached XP level 5. HP: 32/36 MP: 5/5
  2448 | D:4      | Got a bloodstained rapier
  2474 | D:4      | Reached XP level 6. HP: 20/43 MP: 6/6
  2547 | D:4      | Found a staircase to the Ecumenical Temple.
  2569 | D:4      | Identified the +2 rapier of Fate {speed, rN+ MR+ Str+2} (You found it on level 4 of the Dungeon)
  2583 | Temple   | Entered the Ecumenical Temple
  2648 | Temple   | Became a worshipper of Cheibriados the Contemplative
  2648 | Temple   | Acquired Cheibriados' first power
  2690 | D:4      | Reached skill level 5 in Stealth
  3086 | D:4      | Found a burning altar of Makhleb.
  3108 | D:4      | Found a stormy altar of Qazlal.
  3463 | D:4      | Noticed a hippogriff
  3489 | D:4      | Killed a hippogriff
  3489 | D:4      | Reached XP level 7. HP: 26/48 MP: 7/7
  3522 | D:4      | Reached skill level 6 in Stealth
  3562 | D:4      | Reached skill level 5 in Dodging
  3669 | D:5      | Entered Level 5 of the Dungeon
  3744 | D:5      | Acquired Cheibriados' second power
  4010 | D:5      | Reached XP level 8. HP: 6/54 MP: 4/8
  4010 | D:5      | Killed from afar by an orc wizard

Action                   |  1- 3 |  4- 6 |  7- 9 || total
-------------------------+-------+-------+-------++-------
Melee: Unarmed           |    75 |   105 |    67 ||   247
Invok: Bend Time         |       |       |     1 ||     1
  Use: Potion            |       |     4 |       ||     4
       Scroll            |       |       |     9 ||     9
 Stab: Sleeping          |     7 |    10 |     4 ||    21
  Eat: Chunk             |     3 |     5 |     2 ||    10
